 Dungeon Crawl Stone Soup version 0.29.0-4-gdea44cf6ec (webtiles) character file.

Game seed: 5427823018612565995

59 concernfroge the Trooper (level 3, -5/32 HPs)
             Began as a Mummy Monk on Aug 28, 2022.
             Killed by divine providence
             ... invoked by an orc priest
              (15 damage)
             ... on level 3 of the Dungeon.
             The game lasted 00:03:39 (2389 turns).

concernfroge the Trooper (Mummy Monk)               Turns: 2389, Time: 00:03:40

Health: -5/32      AC:  6    Str: 16    XL:     3   Next: 78%
Magic:  3/3        EV: 10    Int:  9    God:
Gold:   40         SH:  0    Dex: 14    Spells: 2/2 levels left

rFire   x . .      SeeInvis .   a - +0 hand axe
rCold   + . .      Faith    .   (no shield)
rNeg    + + +      Spirit   .   c - +0 scale mail {Will+}
rPois   ∞          Reflect  .   (no helmet)
rElec   .          Harm     .   (no cloak)
rCorr   .          Rampage  .   (no gloves)
Will    +....                   (no boots)
Stlth   ..........              (no amulet)
HPRegen 0.10/turn               (no ring)
MPRegen 0.08/turn               (no ring)

@: about to teleport
A: cold resistance 1, negative energy resistance 3, torment resistance 2, heat
vulnerability 1, in touch with death 1, no potions
a: no special abilities


You were on level 3 of the Dungeon.
You visited 1 branch of the dungeon, and saw 3 of its levels.

You collected 40 gold pieces.

Inventory:

Hand Weapons
 a - a +0 hand axe (weapon)
Armour
 c - a +0 scale mail of willpower (worn)
Jewellery
 d - a ring of ice
Scrolls
 b - a scroll of noise {unknown}
 f - a scroll of blinking
 h - a scroll of amnesia


   Skills:
 + Level 4.8 Fighting
 - Level 2.4 Axes
 - Level 2.4 Dodging
 - Level 1.5 Stealth


You had 2 spell levels left.
You didn't know any spells.
Your spell library was empty.

Dungeon Overview and Level Annotations

Branches:
Dungeon (3/15)

Altars:

Annotations:
D:2 Natasha


Innate Abilities, Weirdness & Mutations

You are immune to poison.
Your flesh is cold resistant. (rC+)
You are immune to negative energy. (rN+++)
You are immune to unholy pain and torment.
You are vulnerable to heat. (rF-)
You are in touch with the powers of death.
You do not drink.


Message History

Found an escape hatch in the floor.
Okay, then.
There is an open door here.
You now have 40 gold pieces (gained 17).
You open the door.
There is an open door here.
Found a stone staircase leading down.
There is a stone staircase leading down here.
Found a metallic clear potion.
b - a scroll labelled MYJOCIWKOO An orc comes into view.
It is wielding a +0 trident.
An orc and an orc priest come into view.
The orc priest shouts!
The orc hits you but does no damage.
You barely miss the orc. The orc hits you with a +0 trident.
You hit the orc but do no damage. The orc hits you with a +0 trident.
You closely miss the orc. The orc misses you.
You hit the orc.
The orc is severely wounded.
The orc closely misses you.
You hit the orc but do no damage.
The orc is severely wounded.
The orc misses you.
You hit the orc.
The orc is almost dead.
The orc closely misses you.
The orc priest calls upon Beogh to heal the orc.
The orc's wounds heal themselves!
You barely miss the orc.
The orc hits you from afar with a +0 trident!
The orc hits you but does no damage.
You hit the orc.
The orc is lightly wounded.
The orc hits you from afar with a +0 trident!
The orc misses you.
As you read the scroll of teleportation, it crumbles to dust.
You feel strangely unstable.
The orc priest calls down the wrath of Beogh upon you.
Beogh smites you!
You die...

######.#### #.# #.###
####...## ##.#.....#
#######........#
...............#
#####........########
##.#.....@ooo....
####....#######.
#.#### #.# #+#


You could see an orc priest and 2 orcs.

Vanquished Creatures
  Natasha (D:2)
  An adder (D:2)
  2 worms (D:2)
  A giant cockroach (D:2)
  3 goblins
  3 jackals (D:2)
  3 kobolds (D:1)
  A quokka (D:1)
  2 ball pythons
  2 bats
  2 frilled lizards
  A rat (D:1)
22 creatures vanquished.

Notes
Turn   | Place    | Note
-------+----------+-------------------------------------------
     0 | D:1      | concernfroge the Mummy Monk began the quest for the Orb.
     0 | D:1      | Reached XP level 1. HP: 18/18 MP: 1/1
   160 | D:1      | Found a faded altar of an unknown god.
   646 | D:1      | Reached XP level 2. HP: 24/24 MP: 2/2
   943 | D:2      | Reached skill level 4 in Fighting
  1279 | D:2      | Gained mutation: You are in touch with the powers of death.
                  | [Mummy growth]
  1279 | D:2      | Reached XP level 3. HP: 28/30 MP: 3/3
  1689 | D:2      | Noticed Natasha
  1808 | D:2      | Killed Natasha
  2074 | D:2      | Noticed Natasha
  2389 | D:3      | Killed from afar by an orc priest

Illustrated notes

Levels and vault maps discovered:
D:1:      lightli_arrival_farm, layout_basic, ebering_ecumenical_altar_abandoned
D:2:      layout_loops_ring, roderic_roman_lattice, kennysheep_crisscross,
          uniq_natasha
D:3:      layout_loops_corners

Skill      XL: |  1  2 |
---------------+-------+-----
Fighting       | 4 |  4.8
Axes           | |  2.4
Dodging        | |  2.4
Stealth        | |  1.5

Action                   || total
-------------------------++-------
Melee: Hand axe          ||    97
  Use: Scroll            ||     5
Armor: Scale mail        ||    34
Dodge: Dodged            ||    47
